 Dungeon Crawl Stone Soup version 0.23.1 (console) character file.

Game seed: 9543852644461608462

1893 bli the Cutter (level 8, -6/73 HPs)
             Began as a Minotaur Monk on Feb 24, 2019.
             Was a Believer of Wu Jian.
             Mangled by Joseph
             ... wielding a +1 quarterstaff of crushing
              (8 damage)
             ... on level 7 of the Dungeon on Mar 2, 2019.
             The game lasted 00:17:50 (5957 turns).

bli the Cutter (Minotaur Monk)                      Turns: 5957, Time: 00:17:52

Health: -6/73      AC:  3    Str: 19    XL:     8   Next: 93%
Magic:  7/7        EV: 14    Int:  7    God:    Wu Jian [**....]
Gold:   305        SH:  4    Dex: 15    Spells: 7/7 levels left

rFire    . . .     SeeInvis .   f - +2 rapier (elec)
rCold    . . .     Gourm    +   U - +0 buckler
rNeg     + . .     Faith    .   V - +1 robe {MR+}
rPois    .         Spirit   .   (helmet restricted)
rElec    .         Reflect  .   h - scarf {cloud immunity}
rCorr    .         Harm     .   (no gloves)
MR       +....                  (no boots)
Stlth    +++.......             D - amulet of the gourmand
HPRegen  0.22/turn              w - ring of positive energy
MPRegen  0.10/turn              S - +3 ring of strength

@: no status effects
A: retaliatory headbutt, horns 2
a: Wall Jump, Renounce Religion


You were on level 7 of the Dungeon.
You worshipped Wu Jian.
Wu Jian was pleased with you.
You were completely stuffed.

You visited 2 branches of the dungeon, and saw 8 of its levels.

You collected 305 gold pieces.

Inventory:

Hand Weapons
 b - a +0 falchion
 f - a +2 rapier of electrocution (weapon)
 F - a +0 long sword
 Q - a +2 short sword of draining
Missiles
 d - 241 stones
 k - 49 poisoned needles
 u - 2 tomahawks of returning
 v - 7 javelins (quivered)
 x - 77 sling bullets
 L - 7 tomahawks
Armour
 g - a +0 leather armour
 h - a scarf of cloud immunity (worn)
 l - a +0 chain mail
 y - a +0 robe
 C - a +0 ring mail
 N - a +0 scale mail
 O - a +0 plate armour
 P - a +1 scale mail of cold resistance
 U - a +0 buckler (worn)
 V - a +1 robe of magic resistance (worn)
Magical Staves
 X - an uncursed staff of wizardry {unknown}
Jewellery
 w - a ring of positive energy (left hand)
 D - an amulet of the gourmand (around neck)
 S - a +3 ring of strength (right hand)
Wands
 H - a wand of flame (18)
 I - a wand of iceblast (11)
 R - a wand of digging (6)
Scrolls
 a - 7 scrolls of identify {unknown}
 m - a scroll of magic mapping {unknown}
 o - a scroll of fear {unknown}
 p - 3 scrolls of teleportation {unknown}
 q - 6 scrolls of remove curse {unknown}
 r - a scroll of immolation {unknown}
 s - a scroll of amnesia {unknown}
 E - a scroll of random uselessness {unknown}
 J - a scroll of blinking {unknown}
 K - a scroll of fog {unknown}
 T - a scroll of enchant armour {unknown}
Potions
 e - 3 potions of resistance {unknown}
 i - 2 potions of heal wounds {unknown}
 j - 2 potions of haste {unknown}
 n - 2 potions of berserk rage {unknown}
 t - 3 potions of curing {unknown}
 z - a potion of magic {unknown}
 A - 2 potions of lignification {unknown}
 B - 2 potions of degeneration {unknown}
 G - a potion of ambrosia {unknown}
 M - 2 potions of flight {unknown}
Comestibles
 c - 12 rations
 W - a chunk of flesh


   Skills:
 + Level 7.1 Fighting
 + Level 7.9(8.7) Short Blades
 + Level 6.1(8.3) Long Blades
 - Level 3.0 Armour
 + Level 5.3 Dodging
 + Level 3.6 Stealth
 * Level 0.4 Shields


You had 7 spell levels left.
You didn't know any spells.
Your spell library was empty.

Dungeon Overview and Level Annotations

Branches:
Dungeon (7/15)             Temple (1/1) D:6

Altars:
Dithmenos
Elyvilon
Nemelex Xobeh
Okawaru
Trog
Uskayaw
Wu Jian
Zin
The Shining One

Shops:
D:7 %

Annotations:
D:7 Joseph


Innate Abilities, Weirdness & Mutations

You reflexively headbutt those who attack you in melee.
You have a pair of horns on your head.


Message History

You hit Joseph.
Joseph is heavily wounded.
Joseph hits you with a +1 quarterstaff of crushing!
You spin and attack Joseph.
You hit Joseph. You headbutt Joseph.
Joseph is severely wounded.
Joseph sighs, "Being a guard is usually so boring..."
Joseph hits you with a +1 quarterstaff of crushing!!
* * * LOW HITPOINT WARNING * * *
x2 You see here an adder corpse.
You lunge at the bullfrog skeleton.
You puncture the bullfrog skeleton!
Lightning courses through the bullfrog skeleton!
You headbutt the bullfrog skeleton, but do no damage.
The bullfrog skeleton is severely damaged.
You spin and attack Joseph repeatedly.
You hit Joseph.
Joseph is severely wounded.
You hit Joseph. You headbutt Joseph.
Joseph is severely wounded.
The bullfrog skeleton closely misses you.
Joseph hits you with a +1 quarterstaff of crushing!
You die...

# .###............ #
...<............ #
................ ....#
............... ....###
#.#........# #.#....S.#
#####.#........# #?.....@..
###.##...........###.........
##...#............# ...$.....
#....#..###.......###........
....#....###.....@†##.....[..
....#....###...Z@†..†........
.........##........#........#
.........###..#..####.......#
....>.........##.#####......#
.........)....#....#. .......
..............##.............
..............###..###.......
###.........##.#...##.......
##................##......
##.....................# .###..
#.....................###...#..


You could see Joseph (pinned) and a bullfrog skeleton.

Vanquished Creatures
  Sigmund (D:6)
  Eustachio (D:4)
  An orc warrior (D:6)
  An ice beast (D:6)
  2 sky beasts
  A black bear (D:6)
  A bullfrog (D:6)
  A scorpion (D:6)
  5 killer bees
  2 howler monkeys
  2 crimson imps
  A centaur zombie (D:5)
  An orc priest (D:5)
  4 hounds
  2 jellies (D:7)
  5 worker ants
  A killer bee zombie (D:6)
  A hound zombie (D:3)
  A howler monkey skeleton (D:5)
  8 adders
  7 gnolls
  3 oozes
  An adder zombie (D:5)
  2 adder skeletons
  A worm (D:3)
  3 dart slugs
  3 leopard geckos
  23 orcs
  6 bats
  5 giant cockroaches
  3 goblins
  3 hobgoblins (D:2)
  4 jackals (D:4)
  4 quokkas
  2 ball pythons
  A jackal zombie (D:6)
  5 kobolds
  6 rats
124 creatures vanquished.

Notes
Turn   | Place    | Note
-------+----------+-------------------------------------------
     0 | D:1      | bli the Minotaur Monk began the quest for the Orb.
     0 | D:1      | Reached XP level 1. HP: 19/19 MP: 0/0
   495 | D:1      | Reached XP level 2. HP: 27/27 MP: 1/1
   664 | D:2      | Reached XP level 3. HP: 7/33 MP: 2/2
  1637 | D:3      | Reached XP level 4. HP: 35/41 MP: 3/3
  1791 | D:3      | Reached skill level 5 in Long Blades
  2288 | D:3      | Found an iron altar of Okawaru.
  2361 | D:3      | Found an iron altar of Okawaru.
  2636 | D:4      | Noticed Eustachio
  2960 | D:4      | Killed Eustachio
  2960 | D:4      | Reached skill level 5 in Fighting
  2960 | D:4      | Reached XP level 5. HP: 34/48 MP: 4/4
  3126 | D:4      | Reached XP level 6. HP: 51/56 MP: 5/5
  3169 | D:4      | Found a sparkling altar of Nemelex Xobeh.
  3469 | D:4      | Reached skill level 1 in Short Blades
  3531 | D:4      | Found a sparkling altar of Nemelex Xobeh.
  3700 | D:5      | Entered Level 5 of the Dungeon
  3997 | D:5      | Reached XP level 7. HP: 54/61 MP: 6/6
  4114 | D:5      | Found a white marble altar of Elyvilon.
  4114 | D:5      | Found a glowing golden altar of the Shining One.
  4115 | D:5      | Found a glowing silver altar of Zin.
  4653 | D:6      | Found a hide-covered altar of Uskayaw.
  4782 | D:6      | Found a staircase to the Ecumenical Temple.
  4798 | Temple   | Entered the Ecumenical Temple
  4840 | Temple   | Became a worshipper of the Wu Jian Council
  4840 | Temple   | Reached * piety under Wu Jian
  4840 | Temple   | Reached ** piety under Wu Jian
  4926 | D:6      | Reached skill level 5 in Dodging
  5013 | D:6      | Found a shadowy altar of Dithmenos.
  5024 | D:6      | Reached skill level 5 in Short Blades
  5043 | D:6      | Noticed Sigmund
  5093 | D:6      | Killed Sigmund
  5093 | D:6      | Reached XP level 8. HP: 48/70 MP: 7/7
  5175 | D:6      | Found a glowing silver altar of Zin.
  5431 | D:7      | Upgraded the game from 0.23.0-3-gf3c87f2 to 0.23.1
  5738 | D:7      | Found Ywiurako's Food Shoppe.
  5932 | D:7      | Noticed Joseph
  5956 | D:7      | HP: 2/73 [Joseph/+1 quarterstaff of crushing (5)]
  5957 | D:7      | Mangled by Joseph

Skill      XL: |  1  2  3  4  5  6  7  8 |
---------------+-------------------------+-----
Long Blades    | 4 5 6 |  6.1
Fighting       | 4 5 6 7 |  7.1
Dodging        | 4 5 |  5.3
Armour         | 2 3 |  3.0
Stealth        | 2 3 |  3.6
Short Blades   | 2 5 7 |  7.9
Shields        | |  0.4

Action                   |  1- 3 |  4- 6 |  7- 9 || total
-------------------------+-------+-------+-------++-------
Melee: Falchion          |    56 |    57 |       ||   113
       Headbutt          |     8 |    26 |    20 ||    54
       Rapier            |       |    48 |   125 ||   173
Throw: Javelin           |       |     3 |       ||     3
Invok: Lunge             |       |       |    13 ||    13
       Whirlwind         |       |       |     7 ||     7
 Stab: Sleeping          |     4 |     4 |     5 ||    13
       Distracted        |       |     1 |     1 ||     2
  Eat: Chunk             |     2 |    16 |     6 ||    24
       Ration            |       |     1 |       ||     1
Armor: Robe              |     9 |     1 |     1 ||    11
       Leather armour    |       |    10 |    15 ||    25
Dodge: Dodged            |    39 |    82 |    80 ||   201
Block: Buckler           |       |       |     1 ||     1
       Rpst.: Falchion   |    10 |    17 |       ||    27
